 Dungeon Crawl Stone Soup version 0.31-a0-538-gbc85326fa9 (webtiles) character file.

Game seed: 1931541427428395339

37 olmar the Digger (level 3, 0/26 HPs)
             Began as a Ghoul Earth Elementalist on Aug 13, 2023.
             Slain by a scorpion (1 damage)
             ... on level 3 of the Dungeon.
             The game lasted 00:03:16 (1861 turns).

olmar the Digger (Ghoul Earth Elementalist)         Turns: 1861, Time: 00:03:17

Health: 0/26       AC:  2    Str:  9 (11) XL:     3   Next: 39%
Magic:  0/5        EV: 11    Int:  9 (12) God:
Gold:   86         SH:  0    Dex:  7 (9)  Spells: 0/6 levels left

rFire   . . .        (no weapon)
rCold   + . .        (no shield)
rNeg    + + +        a - +0 robe
rPois   ∞            (no helmet)
rElec   .            (no cloak)
rCorr   .            (no gloves)
SInv    .            (no boots)
Will    .....        (no amulet)
Stlth   ++           (no ring)
HPRegen 0.00/turn    (no ring)
MPRegen 0.09/turn

%: no passive effects
@: inhibited regen
A: claws 1, cold resistance 1, negative energy resistance 3, inhibited
regeneration, torment resistance 2, devour on kill
a: no special abilities


You were on level 3 of the Dungeon.
You visited 1 branch of the dungeon, and saw 3 of its levels.

You collected 86 gold pieces.

Inventory:

Missiles
 g - 10 poisoned darts
Armour
 a - a +0 robe (worn)
 e - a +1 leather armour of poison resistance
Jewellery
 d - an amulet of the acrobat
Scrolls
 c - a scroll of noise {unknown}
 h - a scroll of vulnerability {unknown}


   Skills:
 - Level 1.7 Dodging
 - Level 2.1 Stealth
 + Level 2.4 Spellcasting
 + Level 0.8 Transmutations
 + Level 4.1 Earth Magic


You couldn't memorise any spells.
You knew the following spells:

 Your Spells              Type           Power      Damage    Failure   Level
a - Sandblast             Erth           16%        2d6       6%          1
b - Passwall              Tmut/Erth      4%         N/A       17%         2
c - Stone Arrow           Conj/Erth      8%         3d7       38%         3

Your spell library contained the following spells:

 Spells                   Type           Power      Damage    Failure   Level
 Petrify                  Tmut/Erth      5%         N/A       75%         4


Dungeon Overview and Level Annotations

Branches:
Dungeon (3/15)

Altars:
Lugonu


Innate Abilities, Weirdness & Mutations

You are immune to poison.
You have sharp fingernails.
Your flesh is cold resistant. (rC+)
You are immune to negative energy. (rN+++)
You do not regenerate when monsters are visible.
You are immune to unholy pain and torment.
You thrive by killing the living.


Message History

You closely miss the scorpion.
The scorpion is severely wounded.
The scorpion misses you.
You scratch the scorpion but do no damage.
The scorpion is severely wounded.
The scorpion misses you.
Unknown command.
You scratch the scorpion but do no damage.
The scorpion is severely wounded.
The scorpion barely misses you.
Unknown command.
Unknown command.
You barely miss the scorpion.
The scorpion is severely wounded.
The scorpion barely misses you.
The scorpion stings you but does no damage.
Unknown command.
You scratch the scorpion but do no damage.
The scorpion is severely wounded.
The scorpion barely misses you.
Unknown command.
You scratch the scorpion but do no damage.
The scorpion is severely wounded.
The scorpion stings you.
* * * LOW HITPOINT WARNING * * *
Your magical contamination has completely faded away.
Unknown command.
Aiming: Sandblast (safe; 4% risk of failure)
Press: ? - help, Q - select action, (/) - cycle Shift-Dir - straight line, f/p - scorpion
Aim: a scorpion (severely wounded, 82% to hit)
The blast of sand hits the scorpion but does no damage.
The scorpion is severely wounded.
The scorpion stings you.
* * * LOW HITPOINT WARNING * * *
The scorpion barely misses you.
It was a potion of degeneration.
There was something very wrong with that liquid.
You feel weakened.
You feel dopey.
You feel clumsy. The scorpion stings you.
You die...

###################
#....s@...........#
#.###############.# #.#
#.# #.# #.# #s# #.#
#.###############.#####
#.#....................
#.# ######.############
#.. #.#.#P#


You could see a scorpion.

Vanquished Creatures
  A dart slug (D:2)
  4 orcs (D:3)
  A ball python (D:1)
  2 bats (D:1)
  3 endoplasms (D:1)
  4 goblins
  A hobgoblin (D:1)
  3 jackals (D:1)
  3 kobolds
  A quokka (D:1)
  4 rats
27 creatures vanquished.

Notes
Turn   | Place    | Note
-------+----------+-------------------------------------------
     0 | D:1      | olmar the Ghoul Earth Elementalist began the quest for the
                  | Orb.
     0 | D:1      | Reached XP level 1. HP: 14/14 MP: 2/2
   307 | D:1      | Reached XP level 2. HP: 20/20 MP: 1/3
   559 | D:1      | Found a faded altar of an unknown god.
   714 | D:1      | Reached skill level 4 in Earth Magic
  1328 | D:1      | Prayed at the altar of an unknown god.
  1328 | D:1      | Became a worshipper of Lugonu the Unformed
  1328 | D:1      | Reached * piety under Lugonu
  1329 | D:1      | Fell from the grace of Lugonu
  1359 | D:2      | Reached XP level 3. HP: 26/26 MP: 1/5
  1362 | D:2      | Learned a level 2 spell: Passwall
  1373 | D:2      | Noticed an ancient zyme
  1446 | D:2      | Learned a level 3 spell: Stone Arrow
  1832 | D:3      | Noticed a scorpion
  1860 | D:3      | HP: 1/26 [scorpion (4)]
  1861 | D:3      | Slain by a scorpion

Illustrated notes

Levels and vault maps discovered:
D:1:      amcnicky_arrival_blooded_trapdoor, layout_basic, serial_forest,
          infiniplex_forest_lined_corner, infiniplex_forest_pool,
          infiniplex_forest_clump_large, infiniplex_forest_clump_tiny,
          infiniplex_forest_pool, ebering_ecumenical_altar_box
D:2:      layout_basic, dk_vineyard_3
D:3:      layout_basic, serial_aquarium, aquarium_bridge_square
          [aquarium_subvault_wall, aquarium_subvault_bridge,
          aquarium_subvault_wall, aquarium_subvault_bridge],
          aquarium_window_fake, aquarium_window_corner, aquarium_window_1,
          aquarium_window_1, aquarium_view_2b, aquarium_view_2e,
          aquarium_pool_1, serial_shops, nicolae_shop_back_alley_shop,
          wad_orctagon

Skill      XL: |  1  2 |
---------------+-------+-----
Spellcasting   | 2 |  2.4
Earth Magic    | 4 |  4.1
Dodging        | |  1.7
Stealth        | |  2.1
Transmutations | |  0.8

Action                     || total
---------------------------++-------
  Melee: Unarmed           ||    12
   Cast: Sandblast         ||    50
 Invoke: Renounce Religion ||     1
    Use: Potion            ||     2
 Armour: Robe              ||     4
  Dodge: Dodged            ||    16

Table legend: (Time is in decaauts)
 A = Elapsed time spent in this place.
 B = Non-inter-level travel time spent in this place.
 C = Inter-level travel time spent in this place.
 D = Time resting spent in this place.
 E = Time spent auto-exploring this place.
 F = Levels seen in this place.
 G = Mean time per level.
                   A        B        C        D        E       F      G
               +--------+--------+--------+--------+--------+-----+--------+
         Total |   1889 |   1803 |     86 |    334 |   1203 |   3 |  629.7 |
       Dungeon |   1889 |   1803 |     86 |    334 |   1203 |   3 |  629.7 |
               +--------+--------+--------+--------+--------+-----+--------+

Top non-repeatable levels by time:
     D:1: 1408 daAuts
     D:2: 271 daAuts
     D:3: 209 daAuts
